St.Louis Blues vs Detroit Red Wings
Created - Tuesday, December 10, 2024 at 07:17
Goals
|
| St.Louis Blues |
2 |
0 |
1 |
0 |
1 |
4 |
| Detroit Red Wings |
2 |
1 |
0 |
0 |
0 |
3 |
|
Shots
|
| St.Louis Blues |
10 |
13 |
12 |
0 |
3 |
35 |
| Detroit Red Wings |
8 |
7 |
13 |
1 |
3 |
29 |
|
1st period
1. St.Louis Blues , Jack Eichel 27 (Mark Stone 44, Alex Pietrangelo 18) at 2:15
2. Detroit Red Wings , Matthew Boldy 33 (Mika Zibanejad 58, Carter Verhaeghe 43) at 17:38
3. St.Louis Blues , Mark Stone 30 (Jack Eichel 41) at 17:51
4. Detroit Red Wings , Steven Stamkos 37 (Zachary Werenski 25) at 19:24
Penalties :
Raphael Lavoie (DET) for Hooking (Minor) at 12:10
2nd period
5. Detroit Red Wings , Steven Stamkos 38 (Patrick Kane 47, Jared McCann 33) at 3:04
Penalties :
Matthew Boldy (DET) for Holding (Minor) at 0:24, Matthew Boldy (DET) for Delaying the game (Minor) at 8:41, Keegan Kolesar (DET) for Goalie Interference (Minor) at 16:09
3rd period
6. St.Louis Blues , Robert Thomas 30 (Tage Thompson 24, Jake Guentzel 61) at 16:25
Penalties :
Kevin Stenlund (DET) for High sticking (Minor) at 18:42
Overtime #1
No Goal
Penalties :
No Penalty
Shootout
St.Louis Blues, Elias Pettersson - Shot Misses the Net
Detroit Red Wings, Mika Zibanejad - Shot Misses the Net
St.Louis Blues, Tage Thompson - Goal!
Detroit Red Wings, Steven Stamkos - Shot Misses the Net
St.Louis Blues, Alex Tuch - Stopped by Laurent Brossoit
Detroit Red Wings, Matthew Boldy - Shot Misses the Net
Penalties :
No Penalty
Goalie Stats
Connor Hellebuyck (STL), 26 saves from 29 shots - (0.897), W, 37-12-8, 65:00 minutes
Laurent Brossoit (DET), 32 saves from 35 shots - (0.914), OTL, 21-11-4, 65:00 minutes
Players Stats for St.Louis Blues
Player Name G A P +/- PIM S H SB GA TA FO MP PP MP PK MP
------------------------------------------------------------------------------------
Adam Pelech 0 0 0 -1 0 0 1 0 0 0 0/0 10:19 0:00 0:00
Alex Pietrangelo 0 1 1 2 0 1 1 1 0 0 0/0 27:00 2:24 0:00
Alex Tuch 0 0 0 -1 0 1 2 0 1 0 0/0 14:28 2:24 0:00
Claude Giroux 0 0 0 -1 0 2 2 0 1 1 3/4 18:04 6:49 0:00
Colton Parayko 0 0 0 2 0 1 0 1 0 2 0/0 23:52 0:00 0:00
Dakota Joshua 0 0 0 -1 0 1 1 0 1 0 0/0 8:41 0:00 0:00
Elias Lindholm 0 0 0 -1 0 1 3 0 0 0 2/5 14:53 3:42 0:00
Elias Pettersson 0 0 0 1 0 4 2 1 0 0 0/1 26:07 5:31 0:00
Jaccob Slavin 0 0 0 -1 0 0 0 1 0 0 0/0 20:22 0:00 0:00
Jack Eichel 1 1 2 1 0 7 2 3 0 1 15/25 27:13 6:49 0:00
Jake Guentzel 0 1 1 1 0 6 4 0 1 0 0/0 20:40 5:31 0:00
Jake Sanderson 0 0 0 -1 0 1 0 3 1 2 0/0 20:34 0:00 0:00
Lars Eller 0 0 0 -1 0 2 0 0 0 0 2/3 8:59 0:00 0:00
Logan O'Connor 0 0 0 -1 0 0 0 0 0 0 0/1 8:41 0:00 0:00
Mark Stone 1 1 2 1 0 4 3 0 1 0 2/4 21:43 3:42 0:00
Nick Leddy 0 0 0 -1 0 0 0 0 0 0 0/0 10:19 0:00 0:00
Robert Thomas 1 0 1 1 0 2 2 0 0 0 18/25 20:40 5:31 0:00
Tage Thompson 0 1 1 1 0 2 2 0 0 0 0/0 17:25 3:42 0:00
Players Stats for Detroit Red Wings
Player Name G A P +/- PIM S H SB GA TA FO MP PP MP PK MP
------------------------------------------------------------------------------------
Brendan Gallagher 0 0 0 0 0 0 0 0 0 0 0/0 7:10 0:00 0:00
Carter Verhaeghe 0 1 1 -1 0 1 0 0 0 0 1/1 17:42 0:00 0:00
Christian Fischer 0 0 0 0 0 2 2 0 0 0 0/0 12:12 0:00 0:00
Daniel Sprong 0 0 0 0 0 3 0 0 0 0 0/0 12:17 0:00 0:00
Jackson LaCombe 0 0 0 -1 0 0 1 1 0 2 0/0 20:37 0:00 5:08
Jared McCann 0 1 1 1 0 2 0 0 0 0 1/1 20:48 0:00 4:37
Keegan Kolesar 0 0 0 0 2 0 0 0 1 0 0/0 11:06 0:00 3:55
Kevin Shattenkirk 0 0 0 0 0 0 0 1 0 1 0/0 12:08 0:00 0:00
Kevin Stenlund 0 0 0 0 2 0 3 1 1 0 2/6 11:27 0:00 3:59
MacKenzie Weegar 0 0 0 0 0 3 3 1 1 0 0/0 31:14 0:00 5:08
Matthew Boldy 1 0 1 -1 4 4 6 0 1 0 0/2 16:46 0:00 0:00
Mika Zibanejad 0 1 1 -1 0 2 0 0 0 0 15/28 22:44 0:00 4:57
Patrick Kane 0 1 1 1 0 1 0 1 0 0 1/2 16:08 0:00 0:00
Raphael Lavoie 0 0 0 0 2 1 2 0 0 0 2/9 12:55 0:00 0:00
Shayne Gostisbehere 0 0 0 0 0 3 0 0 0 0 0/0 15:39 0:00 0:00
Steven Stamkos 2 0 2 1 0 5 1 1 2 0 4/19 18:45 0:00 1:40
Zach Bogosian 0 0 0 0 0 1 2 3 0 0 0/0 22:38 0:00 4:47
Zachary Werenski 0 1 1 1 0 1 0 2 0 3 0/0 27:44 0:00 4:47
3 Stars
1 - Steven Stamkos (DET)
2 - Jack Eichel (STL)
3 - Mark Stone (STL)
Power Play
St.Louis Blues - 0 on 5 Attempt(s) - 0.00%
Detroit Red Wings - 0 on 0 Attempt(s) - 0.00%
Penalty Kill
St.Louis Blues - 0 on 0 Attempt(s) - 0.00%
- Score 0 goal in Penalty Kill
Detroit Red Wings - 5 on 5 Attempt(s) - 100.00%
- Score 0 goal in Penalty Kill
Team Stat
St.Louis Blues - Hits : 25 - Faceoff Wins : 42 - Blocked Shots : 10 - Penalty Minutes : 0
Detroit Red Wings - Hits : 20 - Faceoff Wins : 26 - Blocked Shots : 11 - Penalty Minutes : 10
Official
Referees : Kendrick Nicholson and Mitch Dunning
Linesman : Brandon Gawryletz and Justin Johnson
Game Notes
No Game Note
Finance
Level 1 -- Attendance: 5134 (85.57%) -- Ticket Income $513,400
Level 2 -- Attendance: 3683 (73.66%) -- Ticket Income $220,980
Level 3 -- Attendance: 2493 (83.10%) -- Ticket Income $87,255
Level 4 -- Attendance: 3905 (78.10%) -- Ticket Income $97,625
Luxury Box -- Attendance: 863 (86.30%) -- Ticket Income $172,600
Game was played at the Joe Louis Arena.
Total Attendance: 16078 (80.39%)
Total Ticket Income: $1,091,860
Other Income: $382,151
Total Income: $1,474,011
St.Louis Blues
5 vs 5 Forward
Center Left Wing Right Wing Time % Phy DF OF
1 Jack Eichel Elias Pettersson Mark Stone 40 0 2 3
2 Robert Thomas Jake Guentzel Tage Thompson 30 0 2 3
3 Claude Giroux Alex Tuch Elias Lindholm 25 0 3 2
4 Lars Eller Dakota Joshua Logan O'Connor 5 2 2 1
5 vs 5 Defense
Defense Defense Time % Phy DF OF
1 Colton Parayko Alex Pietrangelo 45 1 2 2
2 Jake Sanderson Jaccob Slavin 35 1 2 2
3 Adam Pelech Nick Leddy 20 1 2 2
4 Nick Leddy Colton Parayko 0 1 2 2
PowerPlay Forward
Center Left Wing Right Wing Time % Phy DF OF
1 Robert Thomas Elias Pettersson Jake Guentzel 60 1 0 4
2 Elias Lindholm Tage Thompson Mark Stone 40 1 0 4
PowerPlay Defense
Defense Defense Time % Phy DF OF
1 Jack Eichel Claude Giroux 60 0 1 4
2 Alex Tuch Alex Pietrangelo 40 0 1 4
Penalty Kill 4 Players Forward
Center Wing Time % Phy DF OF
1 Lars Eller Logan O'Connor 50 1 4 0
2 Elias Lindholm Dakota Joshua 50 1 4 0
Penalty Kill 4 Players Defense
Defense Defense Time % Phy DF OF
1 Jake Sanderson Colton Parayko 50 1 4 0
2 Jaccob Slavin Nick Leddy 50 1 4 0
Penalty Kill - 3 Players Forward
Forward Time % Phy DF OF
1 Elias Lindholm 50 0 5 0
2 Lars Eller 50 0 5 0
Penalty Kill - 3 Players Defense
Defense Defense Time % Phy DF OF
1 Jake Sanderson Colton Parayko 50 0 5 0
2 Nick Leddy Jaccob Slavin 50 0 5 0
4 vs 4 Forward
Center Wing Time % Phy DF OF
1 Jack Eichel Elias Pettersson 50 0 2 3
2 Robert Thomas Jake Guentzel 50 0 2 3
4 vs 4 Defense
Defense Defense Time % Phy DF OF
1 Jake Sanderson Alex Pietrangelo 50 1 2 2
2 Colton Parayko Jaccob Slavin 50 1 2 2
Last Minutes Offensive
Center Left Wing Right Wing Defense Defense
Robert Thomas Elias Pettersson Jake Guentzel Jack Eichel Claude Giroux
Last Minutes Defensive
Center Left Wing Right Wing Defense Defense
Lars Eller Logan O'Connor Elias Lindholm Jake Sanderson Colton Parayko
Goaltenders
Starting : Connor Hellebuyck
Backup : Scott Wedgewood
Extra Forwards
Normal : Robert Thomas, Jake Guentzel, Tage Thompson - PP : Mark Stone, Dakota Joshua - PK : Robert Thomas
Extra Defensemen
Normal : Jake Sanderson, Colton Parayko, Jaccob Slavin - PP : Colton Parayko - PK : Jaccob Slavin, Colton Parayko
Penalty Shots
Elias Pettersson, Tage Thompson, Alex Tuch, Jack Eichel, Jake Guentzel
Scratches
Mikhail Sergachev (Healthy), Yanni Gourde (Healthy), Colin Blackwell (Healthy)
Detroit Red Wings
5 vs 5 Forward
Center Left Wing Right Wing Time % Phy DF OF
1 Steven Stamkos Jared McCann Patrick Kane 35 1 2 2
2 Mika Zibanejad Carter Verhaeghe Matthew Boldy 35 1 2 2
3 Raphael Lavoie Daniel Sprong Christian Fischer 20 1 2 2
4 Kevin Stenlund Brendan Gallagher Keegan Kolesar 10 2 2 1
5 vs 5 Defense
Defense Defense Time % Phy DF OF
1 Zachary Werenski MacKenzie Weegar 40 1 2 2
2 Zach Bogosian Shayne Gostisbehere 30 1 2 2
3 Jackson LaCombe Kevin Shattenkirk 20 3 1 1
4 Jackson LaCombe MacKenzie Weegar 10 1 2 2
PowerPlay Forward
Center Left Wing Right Wing Time % Phy DF OF
1 Steven Stamkos Jared McCann Patrick Kane 50 0 1 4
2 Mika Zibanejad Carter Verhaeghe Matthew Boldy 50 0 1 4
PowerPlay Defense
Defense Defense Time % Phy DF OF
1 Shayne Gostisbehere MacKenzie Weegar 50 1 2 2
2 Zachary Werenski Kevin Shattenkirk 50 1 2 2
Penalty Kill 4 Players Forward
Center Wing Time % Phy DF OF
1 Mika Zibanejad Jared McCann 50 2 2 1
2 Kevin Stenlund Keegan Kolesar 50 2 2 1
Penalty Kill 4 Players Defense
Defense Defense Time % Phy DF OF
1 Jackson LaCombe MacKenzie Weegar 50 2 2 1
2 Zach Bogosian Zachary Werenski 50 2 2 1
Penalty Kill - 3 Players Forward
Forward Time % Phy DF OF
1 Mika Zibanejad 50 1 2 2
2 Steven Stamkos 50 1 2 2
Penalty Kill - 3 Players Defense
Defense Defense Time % Phy DF OF
1 Jackson LaCombe MacKenzie Weegar 50 1 2 2
2 Zach Bogosian Zachary Werenski 50 2 2 1
4 vs 4 Forward
Center Wing Time % Phy DF OF
1 Mika Zibanejad Carter Verhaeghe 60 1 2 2
2 Steven Stamkos Matthew Boldy 40 1 1 3
4 vs 4 Defense
Defense Defense Time % Phy DF OF
1 Zachary Werenski MacKenzie Weegar 60 1 2 2
2 Zach Bogosian Jackson LaCombe 40 1 2 2
Last Minutes Offensive
Center Left Wing Right Wing Defense Defense
Mika Zibanejad Carter Verhaeghe Matthew Boldy Zachary Werenski MacKenzie Weegar
Last Minutes Defensive
Center Left Wing Right Wing Defense Defense
Mika Zibanejad Carter Verhaeghe Matthew Boldy Zachary Werenski MacKenzie Weegar
Goaltenders
Starting : Laurent Brossoit
Backup : Calvin Pickard
Extra Forwards
Normal : Raphael Lavoie, Christian Fischer, Daniel Sprong - PP : Kevin Stenlund, Daniel Sprong - PK : Steven Stamkos
Extra Defensemen
Normal : Kevin Shattenkirk, Jackson LaCombe, MacKenzie Weegar - PP : Kevin Shattenkirk - PK : Kevin Shattenkirk, Jackson LaCombe
Penalty Shots
Mika Zibanejad, Steven Stamkos, Matthew Boldy, Carter Verhaeghe, Jared McCann
Scratches
Alexander Barabanov (Healthy), Philippe Myers (Healthy), Vitek Vanecek (Healthy)
% Time on Ice - St.Louis Blues
Lines # - Real PCT - Wanted PCT - Time Play
Normal Forward
1 - 35% - 40% - 17:55
2 - 26% - 30% - 13:06
3 - 22% - 25% - 11:05
4 - 17% - 5% - 8:41
Normal Defense
1 - 44% - 45% - 22:07
2 - 37% - 35% - 18:39
3 - 20% - 20% - 10:01
4 - 0% - 0% - 0:00
PP Forward
1 - 60% - 60% - 5:31
2 - 40% - 40% - 3:42
PP Defense
1 - 74% - 60% - 6:49
2 - 26% - 40% - 2:24
PK Forward
1 - 0% - 50%
2 - 0% - 50%
PK Defense
1 - 0% - 50%
2 - 0% - 50%
PK3 Forward
1 - 0% - 50%
2 - 0% - 50%
PK3 Defense
1 - 0% - 50%
2 - 0% - 50%
44 Forward
1 - 48% - 50% - 2:24
2 - 52% - 50% - 2:36
44 Defense
1 - 49% - 50% - 2:27
2 - 51% - 50% - 2:33
Last Minute Offensive - 0:00
Last Minute Defensive - 0:00
Total
Forward - 65:00
Defense - 65:00
|
% Time on Ice - Detroit Red Wings
Lines # - Real PCT - Wanted PCT - Time Play
Normal Forward
1 - 32% - 35% - 16:11
2 - 31% - 35% - 15:48
3 - 23% - 20% - 11:38
4 - 14% - 10% - 7:10
Normal Defense
1 - 41% - 40% - 20:36
2 - 32% - 30% - 16:03
3 - 21% - 20% - 10:52
4 - 6% - 10% - 3:16
PP Forward
1 - 0% - 50%
2 - 0% - 50%
PP Defense
1 - 0% - 50%
2 - 0% - 50%
PK Forward
1 - 50% - 50% - 4:37
2 - 50% - 50% - 4:36
PK Defense
1 - 53% - 50% - 4:53
2 - 47% - 50% - 4:20
PK3 Forward
1 - 48% - 50% - 0:20
2 - 52% - 50% - 0:22
PK3 Defense
1 - 36% - 50% - 0:15
2 - 64% - 50% - 0:27
44 Forward
1 - 78% - 60% - 3:21
2 - 22% - 40% - 0:57
44 Defense
1 - 58% - 60% - 2:30
2 - 42% - 40% - 1:48
Last Minute Offensive - 0:00
Last Minute Defensive - 0:00
Total
Forward - 65:00
Defense - 65:00
|
Play-by-Play
1st period
0:01 of 1st period - Jack Eichel wins face-off versus Steven Stamkos in neutral zone.
0:06 of 1st period - Slapshot by Jack Eichel.
0:06 of 1st period - Stopped by Laurent Brossoit with a rebound.
0:08 of 1st period - Wrist shot by Jack Eichel.
0:08 of 1st period - Stopped by Laurent Brossoit without a rebound.
0:09 of 1st period - Jack Eichel wins face-off versus Steven Stamkos in Detroit Red Wings zone.
0:54 of 1st period - Snap shot by Patrick Kane.
0:54 of 1st period - Shot Misses the Net.
2:03 of 1st period - Wrist shot by Jack Eichel.
2:03 of 1st period - Shot Misses the Net.
2:05 of 1st period - Slapshot by Alex Pietrangelo.
2:05 of 1st period - Shot Misses the Net.
2:07 of 1st period - Snap shot by Mark Stone.
2:07 of 1st period - Stopped by Laurent Brossoit with a rebound.
2:09 of 1st period - Snap shot by Mark Stone.
2:09 of 1st period - Shot Blocked by MacKenzie Weegar.
2:15 of 1st period - Snap shot by Jack Eichel.
2:15 of 1st period - Goal by Jack Eichel - St.Louis Blues : 1 - Detroit Red Wings : 0.
2:16 of 1st period - Robert Thomas wins face-off versus Mika Zibanejad in neutral zone.
2:56 of 1st period - Backhand shot by Matthew Boldy.
2:56 of 1st period - Stopped by Connor Hellebuyck without a rebound.
2:57 of 1st period - Claude Giroux wins face-off versus Raphael Lavoie in St.Louis Blues zone.
3:22 of 1st period - Keegan Kolesar is hit by Dakota Joshua and loses puck.
6:32 of 1st period - Snap shot by Steven Stamkos.
6:32 of 1st period - Stopped by Connor Hellebuyck without a rebound.
6:33 of 1st period - Claude Giroux wins face-off versus Steven Stamkos in St.Louis Blues zone.
6:59 of 1st period - Jackson LaCombe is hit by Tage Thompson and loses puck.
8:16 of 1st period - Snap shot by Elias Pettersson.
8:16 of 1st period - Shot Misses the Net.
8:18 of 1st period - Wrist shot by Jaccob Slavin.
8:18 of 1st period - Shot Misses the Net.
8:38 of 1st period - Snap shot by Daniel Sprong.
8:38 of 1st period - Shot Misses the Net.
9:04 of 1st period - Slapshot by Shayne Gostisbehere.
9:04 of 1st period - Stopped by Connor Hellebuyck with a rebound.
9:06 of 1st period - Slapshot by Shayne Gostisbehere.
9:06 of 1st period - Stopped by Connor Hellebuyck without a rebound.
9:07 of 1st period - Robert Thomas wins face-off versus Mika Zibanejad in St.Louis Blues zone.
9:24 of 1st period - MacKenzie Weegar is hit by Adam Pelech.
9:34 of 1st period - Nick Leddy is hit by Jackson LaCombe.
9:42 of 1st period - Jared McCann is hit by Mark Stone and loses puck.
10:03 of 1st period - Colton Parayko is hit by Christian Fischer and loses puck.
10:21 of 1st period - Lars Eller is hit by Kevin Stenlund and loses puck.
10:38 of 1st period - Wrist shot by Robert Thomas.
10:38 of 1st period - Shot Blocked by Zach Bogosian.
10:40 of 1st period - Snap shot by Jake Guentzel.
10:40 of 1st period - Stopped by Laurent Brossoit without a rebound.
10:41 of 1st period - Carter Verhaeghe wins face-off versus Jack Eichel in Detroit Red Wings zone.
11:00 of 1st period - Slapshot by Mika Zibanejad.
11:00 of 1st period - Shot Hit the Post.
11:02 of 1st period - Slapshot by Zach Bogosian.
11:02 of 1st period - Shot Blocked by Jack Eichel.
11:06 of 1st period - Slapshot by Mika Zibanejad.
11:06 of 1st period - Shot Blocked by Jake Sanderson.
11:08 of 1st period - Wrist shot by Mika Zibanejad.
11:08 of 1st period - Shot Misses the Net.
11:22 of 1st period - Snap shot by Mika Zibanejad.
11:22 of 1st period - Shot Misses the Net.
11:24 of 1st period - Wrist shot by Mika Zibanejad.
11:24 of 1st period - Stopped by Connor Hellebuyck without a rebound.
11:25 of 1st period - Robert Thomas wins face-off versus Steven Stamkos in St.Louis Blues zone.
11:40 of 1st period - Wrist shot by Jared McCann.
11:40 of 1st period - Stopped by Connor Hellebuyck with a rebound.
12:10 of 1st period - Minor Penalty to Raphael Lavoie for Hooking.
12:11 of 1st period - Robert Thomas wins face-off versus Mika Zibanejad in Detroit Red Wings zone.
13:37 of 1st period - Icing by Mark Stone.
13:38 of 1st period - Elias Lindholm wins face-off versus Kevin Stenlund in St.Louis Blues zone.
14:10 of 1st period - Penalty to Raphael Lavoie is over, Raphael Lavoie is back on ice.
14:53 of 1st period - Jaccob Slavin is hit by Steven Stamkos and loses puck.
15:00 of 1st period - Jackson LaCombe is hit by Elias Pettersson and loses puck.
15:40 of 1st period - Raphael Lavoie is hit by Mark Stone and loses puck.
16:54 of 1st period - Adam Pelech is hit by Kevin Stenlund and loses puck.
17:15 of 1st period - Logan O'Connor is hit by MacKenzie Weegar and loses puck.
17:38 of 1st period - Wrist shot by Matthew Boldy.
17:38 of 1st period - Deflect By Lars Eller.
17:38 of 1st period - Goal by Matthew Boldy - St.Louis Blues : 1 - Detroit Red Wings : 1.
17:39 of 1st period - Mika Zibanejad wins face-off versus Jack Eichel in neutral zone.
17:51 of 1st period - Wrist shot by Mark Stone.
17:51 of 1st period - Goal by Mark Stone - St.Louis Blues : 2 - Detroit Red Wings : 1.
17:52 of 1st period - Jack Eichel wins face-off versus Patrick Kane in neutral zone.
17:57 of 1st period - Wrist shot by Elias Pettersson.
17:57 of 1st period - Stopped by Laurent Brossoit with a rebound.
17:59 of 1st period - Slapshot by Alex Pietrangelo.
17:59 of 1st period - Stopped by Laurent Brossoit without a rebound.
18:00 of 1st period - Jack Eichel wins face-off versus Steven Stamkos in Detroit Red Wings zone.
18:21 of 1st period - Slapshot by Elias Pettersson.
18:21 of 1st period - Stopped by Laurent Brossoit with a rebound.
18:33 of 1st period - Slapshot by Jack Eichel.
18:33 of 1st period - Stopped by Laurent Brossoit without a rebound.
18:34 of 1st period - Robert Thomas wins face-off versus Matthew Boldy in Detroit Red Wings zone.
18:51 of 1st period - Snap shot by Robert Thomas.
18:51 of 1st period - Shot Misses the Net.
19:01 of 1st period - Alex Tuch is hit by Christian Fischer and loses puck.
19:08 of 1st period - Snap shot by Christian Fischer.
19:08 of 1st period - Shot Misses the Net.
19:12 of 1st period - Backhand shot by Daniel Sprong.
19:12 of 1st period - Shot Blocked by Jake Sanderson.
19:24 of 1st period - Snap shot by Steven Stamkos.
19:24 of 1st period - Goal by Steven Stamkos - St.Louis Blues : 2 - Detroit Red Wings : 2.
19:25 of 1st period - Jack Eichel wins face-off versus Mika Zibanejad in neutral zone.
Goals for this period are 2 for St.Louis Blues vs 2 for Detroit Red Wings.
Shots for this period are 10 for St.Louis Blues vs 8 for Detroit Red Wings.
2nd period
0:01 of 2nd period - Jack Eichel wins face-off versus Matthew Boldy in neutral zone.
0:24 of 2nd period - Minor Penalty to Matthew Boldy for Holding.
0:25 of 2nd period - Kevin Stenlund wins face-off versus Robert Thomas in Detroit Red Wings zone.
1:51 of 2nd period - Icing by Claude Giroux.
1:52 of 2nd period - Mika Zibanejad wins face-off versus Elias Lindholm in St.Louis Blues zone.
1:53 of 2nd period - Wrist shot by Jared McCann.
1:53 of 2nd period - Shot Misses the Net.
2:24 of 2nd period - Penalty to Matthew Boldy is over, Matthew Boldy is back on ice.
2:38 of 2nd period - Snap shot by Christian Fischer.
2:38 of 2nd period - Stopped by Connor Hellebuyck without a rebound.
2:39 of 2nd period - Raphael Lavoie wins face-off versus Lars Eller in St.Louis Blues zone.
2:50 of 2nd period - Snap shot by Lars Eller.
2:50 of 2nd period - Stopped by Laurent Brossoit without a rebound.
2:51 of 2nd period - Steven Stamkos wins face-off versus Jack Eichel in Detroit Red Wings zone.
3:04 of 2nd period - Slapshot by Steven Stamkos.
3:04 of 2nd period - Goal by Steven Stamkos - St.Louis Blues : 2 - Detroit Red Wings : 3.
3:05 of 2nd period - Mika Zibanejad wins face-off versus Jack Eichel in neutral zone.
4:04 of 2nd period - Wrist shot by Claude Giroux.
4:04 of 2nd period - Stopped by Laurent Brossoit without a rebound.
4:05 of 2nd period - Mika Zibanejad wins face-off versus Jack Eichel in Detroit Red Wings zone.
4:23 of 2nd period - Off-side.
4:24 of 2nd period - Robert Thomas wins face-off versus Steven Stamkos in neutral zone.
4:29 of 2nd period - Snap shot by Jake Guentzel.
4:29 of 2nd period - Stopped by Laurent Brossoit without a rebound.
4:30 of 2nd period - Robert Thomas wins face-off versus Steven Stamkos in Detroit Red Wings zone.
4:33 of 2nd period - Wrist shot by Jake Guentzel.
4:33 of 2nd period - Stopped by Laurent Brossoit with a rebound.
4:35 of 2nd period - Wrist shot by Robert Thomas.
4:35 of 2nd period - Stopped by Laurent Brossoit without a rebound.
4:36 of 2nd period - Mika Zibanejad wins face-off versus Jack Eichel in Detroit Red Wings zone.
4:36 of 2nd period - Mika Zibanejad is hit by Mark Stone.
5:03 of 2nd period - Jake Guentzel is hit by MacKenzie Weegar.
6:16 of 2nd period - Slapshot by Mika Zibanejad.
6:16 of 2nd period - Stopped by Connor Hellebuyck without a rebound.
6:17 of 2nd period - Robert Thomas wins face-off versus Steven Stamkos in St.Louis Blues zone.
6:28 of 2nd period - Jared McCann is hit by Tage Thompson and loses puck.
6:43 of 2nd period - Patrick Kane is hit by Alex Tuch and loses puck.
6:50 of 2nd period - Snap shot by Elias Lindholm.
6:50 of 2nd period - Shot Blocked by Patrick Kane.
6:58 of 2nd period - Zach Bogosian is hit by Elias Lindholm and loses puck.
7:13 of 2nd period - Snap shot by Patrick Kane.
7:13 of 2nd period - Shot Misses the Net.
7:15 of 2nd period - Snap shot by Zach Bogosian.
7:15 of 2nd period - Stopped by Connor Hellebuyck without a rebound.
7:16 of 2nd period - Mark Stone wins face-off versus Mika Zibanejad in St.Louis Blues zone.
7:16 of 2nd period - Mark Stone is hit by Matthew Boldy.
7:42 of 2nd period - Zachary Werenski is hit by Jake Guentzel and loses puck.
7:53 of 2nd period - Snap shot by Jake Guentzel.
7:53 of 2nd period - Stopped by Laurent Brossoit with a rebound.
8:41 of 2nd period - Minor Penalty to Matthew Boldy for Delaying the game.
8:42 of 2nd period - Robert Thomas wins face-off versus Kevin Stenlund in Detroit Red Wings zone.
8:48 of 2nd period - Off-side.
8:49 of 2nd period - Kevin Stenlund wins face-off versus Robert Thomas in neutral zone.
8:54 of 2nd period - Wrist shot by Keegan Kolesar.
8:54 of 2nd period - Shot Misses the Net.
9:02 of 2nd period - Wrist shot by Jack Eichel.
9:02 of 2nd period - Stopped by Laurent Brossoit with a rebound.
9:04 of 2nd period - Snap shot by Jake Guentzel.
9:04 of 2nd period - Stopped by Laurent Brossoit with a rebound.
9:06 of 2nd period - Snap shot by Elias Pettersson.
9:06 of 2nd period - Stopped by Laurent Brossoit without a rebound.
9:07 of 2nd period - Mika Zibanejad wins face-off versus Elias Lindholm in Detroit Red Wings zone.
10:41 of 2nd period - Penalty to Matthew Boldy is over, Matthew Boldy is back on ice.
10:52 of 2nd period - Slapshot by Daniel Sprong.
10:52 of 2nd period - Stopped by Connor Hellebuyck with a rebound.
10:54 of 2nd period - Snap shot by Zach Bogosian.
10:54 of 2nd period - Shot Misses the Net.
10:56 of 2nd period - Snap shot by Daniel Sprong.
10:56 of 2nd period - Shot Misses the Net.
10:58 of 2nd period - Snap shot by Raphael Lavoie.
10:58 of 2nd period - Deflect By Daniel Sprong.
10:58 of 2nd period - Shot Misses the Net.
10:58 of 2nd period - Puck is out of play.
10:59 of 2nd period - Lars Eller wins face-off versus Mika Zibanejad in St.Louis Blues zone.
11:32 of 2nd period - Zach Bogosian is hit by Claude Giroux and loses puck.
11:45 of 2nd period - Mark Stone is hit by Zach Bogosian.
13:07 of 2nd period - Wrist shot by Zachary Werenski.
13:07 of 2nd period - Deflect By Daniel Sprong.
13:07 of 2nd period - Shot Misses the Net.
13:07 of 2nd period - Puck is out of play.
13:08 of 2nd period - Jack Eichel wins face-off versus Mika Zibanejad in St.Louis Blues zone.
13:08 of 2nd period - Jack Eichel is hit by Zach Bogosian.
13:34 of 2nd period - Icing by Matthew Boldy.
13:35 of 2nd period - Robert Thomas wins face-off versus Steven Stamkos in Detroit Red Wings zone.
14:02 of 2nd period - Patrick Kane is hit by Alex Tuch and loses puck.
14:07 of 2nd period - Wrist shot by Alex Tuch.
14:07 of 2nd period - Stopped by Laurent Brossoit with a rebound.
14:09 of 2nd period - Wrist shot by Colton Parayko.
14:09 of 2nd period - Stopped by Laurent Brossoit without a rebound.
14:10 of 2nd period - Jack Eichel wins face-off versus Mika Zibanejad in Detroit Red Wings zone.
14:11 of 2nd period - Snap shot by Elias Pettersson.
14:11 of 2nd period - Shot Misses the Net.
14:13 of 2nd period - Wrist shot by Jack Eichel.
14:13 of 2nd period - Stopped by Laurent Brossoit without a rebound.
14:14 of 2nd period - Jack Eichel wins face-off versus Mika Zibanejad in Detroit Red Wings zone.
15:22 of 2nd period - Off-side.
15:23 of 2nd period - Jack Eichel wins face-off versus Kevin Stenlund in neutral zone.
15:23 of 2nd period - Jack Eichel is hit by Kevin Stenlund.
15:49 of 2nd period - Zach Bogosian is hit by Elias Lindholm.
16:09 of 2nd period - Minor Penalty to Keegan Kolesar for Goalie Interference.
16:10 of 2nd period - Robert Thomas wins face-off versus Mika Zibanejad in Detroit Red Wings zone.
16:13 of 2nd period - Slapshot by Jake Guentzel.
16:13 of 2nd period - Deflect By Robert Thomas.
16:13 of 2nd period - Shot Misses the Net.
16:13 of 2nd period - Puck is out of play.
16:14 of 2nd period - Mika Zibanejad wins face-off versus Robert Thomas in Detroit Red Wings zone.
16:47 of 2nd period - Wrist shot by Mark Stone.
16:47 of 2nd period - Deflect By Elias Lindholm.
16:47 of 2nd period - Shot Misses the Net.
16:47 of 2nd period - Puck is out of play.
16:48 of 2nd period - Elias Lindholm wins face-off versus Mika Zibanejad in Detroit Red Wings zone.
17:07 of 2nd period - Snap shot by Mark Stone.
17:07 of 2nd period - Shot Misses the Net.
17:09 of 2nd period - Slapshot by Alex Pietrangelo.
17:09 of 2nd period - Deflect By Mark Stone.
17:09 of 2nd period - Shot Misses the Net.
17:09 of 2nd period - Puck is out of play.
17:10 of 2nd period - Robert Thomas wins face-off versus Kevin Stenlund in Detroit Red Wings zone.
17:23 of 2nd period - MacKenzie Weegar is hit by Jake Guentzel and loses puck.
17:36 of 2nd period - Jackson LaCombe is hit by Claude Giroux and loses puck.
18:09 of 2nd period - Penalty to Keegan Kolesar is over, Keegan Kolesar is back on ice.
18:13 of 2nd period - Off-side.
18:14 of 2nd period - Lars Eller wins face-off versus Raphael Lavoie in neutral zone.
18:17 of 2nd period - Slapshot by Alex Tuch.
18:17 of 2nd period - Shot Misses the Net.
18:19 of 2nd period - Snap shot by Logan O'Connor.
18:19 of 2nd period - Shot Misses the Net.
18:21 of 2nd period - Slapshot by Alex Tuch.
18:21 of 2nd period - Shot Misses the Net.
18:23 of 2nd period - Slapshot by Alex Tuch.
18:23 of 2nd period - Shot Blocked by Kevin Shattenkirk.
18:25 of 2nd period - Slapshot by Dakota Joshua.
18:25 of 2nd period - Stopped by Laurent Brossoit without a rebound.
18:26 of 2nd period - Mika Zibanejad wins face-off versus Robert Thomas in Detroit Red Wings zone.
18:26 of 2nd period - Mika Zibanejad is hit by Jake Guentzel.
18:40 of 2nd period - Snap shot by Tage Thompson.
18:40 of 2nd period - Shot Misses the Net.
18:42 of 2nd period - Wrist shot by Jake Guentzel.
18:42 of 2nd period - Shot Misses the Net.
19:28 of 2nd period - Icing by Raphael Lavoie.
19:29 of 2nd period - Raphael Lavoie wins face-off versus Logan O'Connor in Detroit Red Wings zone.
19:40 of 2nd period - Snap shot by Matthew Boldy.
19:40 of 2nd period - Shot Misses the Net.
19:42 of 2nd period - Snap shot by Carter Verhaeghe.
19:42 of 2nd period - Stopped by Connor Hellebuyck without a rebound.
19:43 of 2nd period - Patrick Kane wins face-off versus Mark Stone in St.Louis Blues zone.
19:44 of 2nd period - Wrist shot by Steven Stamkos.
19:44 of 2nd period - Shot Misses the Net.
19:46 of 2nd period - Wrist shot by Steven Stamkos.
19:46 of 2nd period - Shot Misses the Net.
19:48 of 2nd period - Slapshot by Shayne Gostisbehere.
19:48 of 2nd period - Stopped by Connor Hellebuyck with a rebound.
19:50 of 2nd period - Slapshot by Jared McCann.
19:50 of 2nd period - Shot Blocked by Colton Parayko.
Goals for this period are 0 for St.Louis Blues vs 1 for Detroit Red Wings.
Shots for this period are 13 for St.Louis Blues vs 7 for Detroit Red Wings.
3rd period
0:01 of 3rd period - Mika Zibanejad wins face-off versus Jack Eichel in neutral zone.
0:04 of 3rd period - Jack Eichel is hit by Matthew Boldy and loses puck.
0:15 of 3rd period - Snap shot by Mika Zibanejad.
0:15 of 3rd period - Shot Misses the Net.
0:17 of 3rd period - Snap shot by Mika Zibanejad.
0:17 of 3rd period - Shot Misses the Net.
0:27 of 3rd period - Elias Pettersson is hit by MacKenzie Weegar and loses puck.
0:32 of 3rd period - Snap shot by Christian Fischer.
0:32 of 3rd period - Deflect By Daniel Sprong.
0:32 of 3rd period - Shot Blocked by Alex Pietrangelo.
0:32 of 3rd period - Puck is out of play.
0:33 of 3rd period - Robert Thomas wins face-off versus Raphael Lavoie in St.Louis Blues zone.
0:33 of 3rd period - Robert Thomas is hit by Raphael Lavoie.
0:41 of 3rd period - Backhand shot by Jake Guentzel.
0:41 of 3rd period - Deflect By Robert Thomas.
0:41 of 3rd period - Shot Blocked by Jackson LaCombe.
0:41 of 3rd period - Puck is out of play.
0:42 of 3rd period - Robert Thomas wins face-off versus Steven Stamkos in Detroit Red Wings zone.
0:45 of 3rd period - Snap shot by Tage Thompson.
0:45 of 3rd period - Stopped by Laurent Brossoit with a rebound.
1:09 of 3rd period - Slapshot by Mark Stone.
1:09 of 3rd period - Stopped by Laurent Brossoit without a rebound.
1:10 of 3rd period - Mika Zibanejad wins face-off versus Jack Eichel in Detroit Red Wings zone.
1:37 of 3rd period - Jack Eichel is hit by Matthew Boldy and loses puck.
1:44 of 3rd period - Snap shot by Mika Zibanejad.
1:44 of 3rd period - Shot Misses the Net.
1:46 of 3rd period - Slapshot by Matthew Boldy.
1:46 of 3rd period - Shot Misses the Net.
1:48 of 3rd period - Slapshot by MacKenzie Weegar.
1:48 of 3rd period - Shot Blocked by Elias Pettersson.
1:50 of 3rd period - Snap shot by Matthew Boldy.
1:50 of 3rd period - Deflect By Mika Zibanejad.
1:50 of 3rd period - Shot Blocked by Jack Eichel.
1:50 of 3rd period - Puck is out of play.
1:51 of 3rd period - Jared McCann wins face-off versus Robert Thomas in St.Louis Blues zone.
2:23 of 3rd period - Wrist shot by Patrick Kane.
2:23 of 3rd period - Stopped by Connor Hellebuyck with a rebound.
2:25 of 3rd period - Slapshot by MacKenzie Weegar.
2:25 of 3rd period - Stopped by Connor Hellebuyck without a rebound.
2:26 of 3rd period - Jack Eichel wins face-off versus Raphael Lavoie in St.Louis Blues zone.
2:55 of 3rd period - Snap shot by Daniel Sprong.
2:55 of 3rd period - Stopped by Connor Hellebuyck with a rebound.
2:57 of 3rd period - Snap shot by Daniel Sprong.
2:57 of 3rd period - Stopped by Connor Hellebuyck with a rebound.
2:59 of 3rd period - Snap shot by Christian Fischer.
2:59 of 3rd period - Stopped by Connor Hellebuyck with a rebound.
3:01 of 3rd period - Snap shot by Raphael Lavoie.
3:01 of 3rd period - Stopped by Connor Hellebuyck without a rebound.
3:02 of 3rd period - Steven Stamkos wins face-off versus Jack Eichel in St.Louis Blues zone.
4:00 of 3rd period - Slapshot by Claude Giroux.
4:00 of 3rd period - Stopped by Laurent Brossoit without a rebound.
4:01 of 3rd period - Mark Stone wins face-off versus Steven Stamkos in Detroit Red Wings zone.
4:50 of 3rd period - Christian Fischer is hit by Elias Lindholm and loses puck.
5:34 of 3rd period - Alex Pietrangelo is hit by Matthew Boldy and loses puck.
5:45 of 3rd period - Mika Zibanejad is hit by Elias Pettersson and loses puck.
6:30 of 3rd period - Wrist shot by Elias Lindholm.
6:30 of 3rd period - Stopped by Laurent Brossoit with a rebound.
6:59 of 3rd period - Slapshot by MacKenzie Weegar.
6:59 of 3rd period - Shot Misses the Net.
7:33 of 3rd period - Icing by Patrick Kane.
7:34 of 3rd period - Jack Eichel wins face-off versus Steven Stamkos in Detroit Red Wings zone.
7:35 of 3rd period - Snap shot by Mark Stone.
7:35 of 3rd period - Shot Misses the Net.
7:37 of 3rd period - Wrist shot by Jack Eichel.
7:37 of 3rd period - Shot Misses the Net.
9:03 of 3rd period - Slapshot by Jake Sanderson.
9:03 of 3rd period - Deflect By MacKenzie Weegar.
9:03 of 3rd period - Stopped by Laurent Brossoit with a rebound.
9:15 of 3rd period - Wrist shot by Keegan Kolesar.
9:15 of 3rd period - Shot Blocked by Jake Sanderson.
9:17 of 3rd period - Wrist shot by Keegan Kolesar.
9:17 of 3rd period - Deflect By Kevin Stenlund.
9:17 of 3rd period - Shot Misses the Net.
9:17 of 3rd period - Puck is out of play.
9:18 of 3rd period - Jack Eichel wins face-off versus Steven Stamkos in St.Louis Blues zone.
9:33 of 3rd period - Snap shot by Steven Stamkos.
9:33 of 3rd period - Shot Blocked by Jack Eichel.
9:54 of 3rd period - Snap shot by Matthew Boldy.
9:54 of 3rd period - Stopped by Connor Hellebuyck with a rebound.
9:56 of 3rd period - Slapshot by MacKenzie Weegar.
9:56 of 3rd period - Stopped by Connor Hellebuyck without a rebound.
9:57 of 3rd period - Jack Eichel wins face-off versus Mika Zibanejad in St.Louis Blues zone.
10:27 of 3rd period - Jared McCann is hit by Robert Thomas.
10:31 of 3rd period - Zachary Werenski is hit by Jake Guentzel and loses puck.
11:13 of 3rd period - Jack Eichel is hit by Matthew Boldy.
11:29 of 3rd period - Slapshot by Jake Sanderson.
11:29 of 3rd period - Shot Blocked by Kevin Stenlund.
12:28 of 3rd period - Slapshot by Logan O'Connor.
12:28 of 3rd period - Shot Misses the Net.
12:32 of 3rd period - Snap shot by Logan O'Connor.
12:32 of 3rd period - Shot Misses the Net.
12:34 of 3rd period - Wrist shot by Lars Eller.
12:34 of 3rd period - Stopped by Laurent Brossoit with a rebound.
12:36 of 3rd period - Snap shot by Dakota Joshua.
12:36 of 3rd period - Shot Blocked by Zach Bogosian.
12:38 of 3rd period - Slapshot by Dakota Joshua.
12:38 of 3rd period - Shot Blocked by Zach Bogosian.
12:40 of 3rd period - Wrist shot by Lars Eller.
12:40 of 3rd period - Shot Blocked by Steven Stamkos.
12:42 of 3rd period - Wrist shot by Dakota Joshua.
12:42 of 3rd period - Shot Misses the Net.
13:06 of 3rd period - Wrist shot by Patrick Kane.
13:06 of 3rd period - Shot Misses the Net.
13:08 of 3rd period - Wrist shot by Steven Stamkos.
13:08 of 3rd period - Stopped by Connor Hellebuyck with a rebound.
13:10 of 3rd period - Snap shot by Patrick Kane.
13:10 of 3rd period - Deflect By Jared McCann.
13:10 of 3rd period - Shot Misses the Net.
13:10 of 3rd period - Puck is out of play.
13:11 of 3rd period - Mika Zibanejad wins face-off versus Mark Stone in St.Louis Blues zone.
13:20 of 3rd period - Matthew Boldy is hit by Jack Eichel and loses puck.
13:27 of 3rd period - Slapshot by Mark Stone.
13:27 of 3rd period - Stopped by Laurent Brossoit without a rebound.
13:28 of 3rd period - Robert Thomas wins face-off versus Raphael Lavoie in Detroit Red Wings zone.
15:43 of 3rd period - Wrist shot by Jack Eichel.
15:43 of 3rd period - Stopped by Laurent Brossoit without a rebound.
15:44 of 3rd period - Mika Zibanejad wins face-off versus Robert Thomas in Detroit Red Wings zone.
15:53 of 3rd period - Wrist shot by Matthew Boldy.
15:53 of 3rd period - Stopped by Connor Hellebuyck without a rebound.
15:54 of 3rd period - Robert Thomas wins face-off versus Mika Zibanejad in St.Louis Blues zone.
16:23 of 3rd period - Snap shot by Robert Thomas.
16:23 of 3rd period - Shot Hit the Post.
16:25 of 3rd period - Snap shot by Robert Thomas.
16:25 of 3rd period - Goal by Robert Thomas - St.Louis Blues : 3 - Detroit Red Wings : 3.
16:26 of 3rd period - Claude Giroux wins face-off versus Steven Stamkos in neutral zone.
17:01 of 3rd period - Snap shot by Elias Pettersson.
17:01 of 3rd period - Stopped by Laurent Brossoit without a rebound.
17:02 of 3rd period - Steven Stamkos wins face-off versus Claude Giroux in Detroit Red Wings zone.
17:13 of 3rd period - Wrist shot by Steven Stamkos.
17:13 of 3rd period - Stopped by Connor Hellebuyck with a rebound.
17:15 of 3rd period - Snap shot by Jared McCann.
17:15 of 3rd period - Stopped by Connor Hellebuyck with a rebound.
17:17 of 3rd period - Snap shot by Zachary Werenski.
17:17 of 3rd period - Deflect By Jake Sanderson.
17:17 of 3rd period - Stopped by Connor Hellebuyck without a rebound.
17:18 of 3rd period - Jack Eichel wins face-off versus Raphael Lavoie in St.Louis Blues zone.
18:16 of 3rd period - Snap shot by Carter Verhaeghe.
18:16 of 3rd period - Shot Blocked by Jaccob Slavin.
18:42 of 3rd period - Minor Penalty to Kevin Stenlund for High sticking.
18:43 of 3rd period - Mika Zibanejad wins face-off versus Elias Pettersson in Detroit Red Wings zone.
18:54 of 3rd period - Snap shot by Jack Eichel.
18:54 of 3rd period - Shot Blocked by Zachary Werenski.
19:06 of 3rd period - Jared McCann is hit by Jack Eichel and loses puck.
19:35 of 3rd period - Slapshot by Jared McCann.
19:35 of 3rd period - Shot Misses the Net.
19:43 of 3rd period - Mika Zibanejad is hit by Robert Thomas and loses puck.
19:50 of 3rd period - Snap shot by Jake Guentzel.
19:50 of 3rd period - Stopped by Laurent Brossoit without a rebound.
19:51 of 3rd period - Steven Stamkos wins face-off versus Elias Lindholm in Detroit Red Wings zone.
19:59 of 3rd period - Wrist shot by Tage Thompson.
19:59 of 3rd period - Stopped by Laurent Brossoit with a rebound.
Goals for this period are 1 for St.Louis Blues vs 0 for Detroit Red Wings.
Shots for this period are 12 for St.Louis Blues vs 13 for Detroit Red Wings.
Overtime #1
0:01 of 1st overtime period - Mika Zibanejad wins face-off versus Jack Eichel in neutral zone.
0:14 of 1st overtime period - Slapshot by MacKenzie Weegar.
0:14 of 1st overtime period - Stopped by Connor Hellebuyck without a rebound.
0:15 of 1st overtime period - Robert Thomas wins face-off versus Steven Stamkos in St.Louis Blues zone.
0:32 of 1st overtime period - Snap shot by Robert Thomas.
0:32 of 1st overtime period - Shot Blocked by Zachary Werenski.
0:42 of 1st overtime period - Penalty to Kevin Stenlund is over, Kevin Stenlund is back on ice.
1:22 of 1st overtime period - MacKenzie Weegar is hit by Alex Pietrangelo and loses puck.
1:56 of 1st overtime period - Icing by Jake Sanderson.
1:57 of 1st overtime period - Robert Thomas wins face-off versus Raphael Lavoie in St.Louis Blues zone.
2:20 of 1st overtime period - Icing by MacKenzie Weegar.
2:21 of 1st overtime period - Mika Zibanejad wins face-off versus Robert Thomas in Detroit Red Wings zone.
3:56 of 1st overtime period - Tage Thompson is hit by Matthew Boldy and loses puck.
4:27 of 1st overtime period - Jake Sanderson is hit by Raphael Lavoie and loses puck.
Goals for this period are 0 for St.Louis Blues vs 0 for Detroit Red Wings.
Shots for this period are 0 for St.Louis Blues vs 1 for Detroit Red Wings.
ShootOut
5:00 of 1st overtime period - Round #1.
5:00 of 1st overtime period - St.Louis Blues, Elias Pettersson.
5:00 of 1st overtime period - Snap shot by Elias Pettersson.
5:00 of 1st overtime period - Shot Misses the Net.
5:00 of 1st overtime period - Detroit Red Wings, Mika Zibanejad.
5:00 of 1st overtime period - Wrist shot by Mika Zibanejad.
5:00 of 1st overtime period - Shot Misses the Net.
5:00 of 1st overtime period - Round #2.
5:00 of 1st overtime period - St.Louis Blues, Tage Thompson.
5:00 of 1st overtime period - Snap shot by Tage Thompson.
5:00 of 1st overtime period - Goal by Tage Thompson.
5:00 of 1st overtime period - Detroit Red Wings, Steven Stamkos.
5:00 of 1st overtime period - Deke by Steven Stamkos.
5:00 of 1st overtime period - Shot Misses the Net.
5:00 of 1st overtime period - Round #3.
5:00 of 1st overtime period - St.Louis Blues, Alex Tuch.
5:00 of 1st overtime period - Snap shot by Alex Tuch.
5:00 of 1st overtime period - Stopped by Laurent Brossoit.
5:00 of 1st overtime period - Detroit Red Wings, Matthew Boldy.
5:00 of 1st overtime period - Wrist shot by Matthew Boldy.
5:00 of 1st overtime period - Shot Misses the Net.
Back to the Top